 Dungeon Crawl Stone Soup version 0.30-b1-6-gad0e9d6a2d (webtiles) character file.

Game seed: 5537051733658686462

107 MacCMillion the Shooter (level 4, 0/36 HPs)
             Began as a Demigod Hunter on May 5, 2023.
             Slain by Grinder (4 damage)
             ... on level 3 of the Dungeon.
             The game lasted 00:02:42 (2146 turns).

MacCMillion the Shooter (Demigod Hunter)            Turns: 2146, Time: 00:02:43

Health: 0/36       AC:  6    Str: 12    XL:     4   Next: 31%
Magic:  6/6        EV: 12    Int: 11    God:
Gold:   52         SH:  0    Dex: 21    Spells: 3/3 levels left

rFire   . . .        k - +0 shortbow (flame)
rCold   . . .        (shield currently unavailable)
rNeg    . . .        c - +0 leather armour
rPois   .            (no helmet)
rElec   .            (no cloak)
rCorr   .            j - +2 pair of gloves
SInv    .            (no boots)
Will    .....        (no amulet)
Stlth   +            (no ring)
HPRegen 0.26/turn    (no ring)
MPRegen 0.10/turn

%: no passive effects
@: confused, lethally poisoned (0 -> -5)
A: high MP 1, forlorn, divine attributes
a: no special abilities


You were on level 3 of the Dungeon.
You visited 1 branch of the dungeon, and saw 3 of its levels.

You collected 140 gold pieces.
You spent 88 gold pieces at shops.

Inventory:

Hand Weapons
 a - a +0 shortbow
 k - a +0 shortbow of flaming (weapon)
Armour
 c - a +0 leather armour (worn)
 j - a +2 pair of gloves (worn)
 l - a +0 ring mail of poison resistance
Scrolls
 b - a scroll of immolation
 d - a scroll of brand weapon {unknown}
 e - 2 scrolls of fear {unknown}
 f - a scroll of acquirement {unknown}
 g - 3 scrolls of identify {unknown}
 h - a scroll of poison {unknown}
 n - a scroll of teleportation {unknown}
Potions
 i - a potion of flight {unknown}
 m - a potion of curing {unknown}


   Skills:
 - Level 1.7 Fighting
 + Level 5.2 Ranged Weapons
 - Level 1.7 Dodging
 - Level 2.0 Stealth


You had 3 spell levels left.
You didn't know any spells.
Your spell library contained the following spells:

 Spells                   Type           Power      Damage    Failure   Level
 Apportation              Tloc           0%         N/A       41%         1
 Alistair's Intoxication  Tmut/Pois      0%         N/A       100%        5


Dungeon Overview and Level Annotations

Branches:
Dungeon (3/15)

Shops:
D:1 :   D:2 (

Annotations:
D:2 1 runed translucent door, Crazy Yiuf
D:3 Grinder, Robin


Innate Abilities, Weirdness & Mutations

You have an increased reservoir of magic. (+10% MP)
You shall have no god before yourself.
Your divine heritage dramatically boosts your attributes as you level up.


Message History

You are too confused!
Non-targeted confused fire: k) +0 shortbow (flame)
Press: ? - help, Q - select action Dir - look around, f - activate You shoot an arrow.
The orc wizard hits you but does no damage.
You are poisoned.
Non-targeted confused fire: k) +0 shortbow (flame)
Press: ? - help, Q - select action Dir - look around, f - activate Look: an orc wizard, wielding a +1 dagger of venom and wearing a +0 robe (severely wounded)
You shoot an arrow.
You feel very sick.
The orc wizard hits you but does no damage.
You are more poisoned.
The orc wizard casts a spell at you.
You are more confused.
You feel very sick.
You're too confused to move!
You feel very sick. The orc wizard misses you.
You bump into the rock wall.
You feel very sick. The orc wizard barely misses you.
The orc wizard attacks as you move away!
The orc wizard hits you but does no damage.
You are more poisoned.
You feel very sick.
The orc wizard casts a spell.
The orc wizard flickers and vanishes!
Deactivating autopickup; reactivate with Ctrl-A.
You feel very sick.
Grinder shouts!
You feel sick. Grinder hits you.
* * * LOW HITPOINT WARNING * * *
You writhe in agony.
* * * LOW HITPOINT WARNING * * *
* * * LOW HITPOINT WARNING * * *
You feel sick.
Grinder says, "You look like you could use a good racking."
Grinder hits you.
You die...

#<5.....#
#.#.###>#.# #.#.#
#.#.####### #.#.#
#.#.......# #)#.#
#..........
#.#.###.#...#.#.# .
#.#(..........#.# ..
#.#####5..#.....#...
#...{..@..........#
#######........... .
#.#.....#.#...
#.##.#<.......
#.#.......#.#.
#.#.#..##.#
#.#.##....#
#.#.####..# #.#.#
..#


You could see Grinder.

Vanquished Creatures
  5 adders
  A dart slug (D:1)
  2 orcs (D:3)
  10 endoplasms
  3 giant cockroaches
  5 hobgoblins
  A quokka (D:2)
  3 ball pythons
  2 bats (D:1)
  6 frilled lizards
  8 goblins
  6 kobolds
  A rat (D:2)
53 creatures vanquished.

Notes
Turn   | Place    | Note
-------+----------+-------------------------------------------
     0 | D:1      | MacCMillion the Demigod Hunter began the quest for the Orb.
     0 | D:1      | Reached XP level 1. HP: 17/17 MP: 3/3
    16 | D:1      | Reached skill level 1 in Stealth
    25 | D:1      | Found Xuidwul's Vocational Training.
   338 | D:1      | Reached XP level 2. HP: 24/24 MP: 4/4
   557 | D:1      | Reached skill level 4 in Ranged Weapons
  1011 | D:2      | Found Sennint's Weapon Boutique.
  1084 | D:2      | Reached XP level 3. HP: 27/29 MP: 5/5
  1168 | D:2      | Bought a +0 shortbow of flaming for 88 gold pieces
  1631 | D:2      | Found a runed translucent door.
  1632 | D:2      | Noticed Crazy Yiuf
  1936 | D:3      | Noticed Grinder
  2038 | D:3      | Reached XP level 4. HP: 34/36 MP: 6/6
  2053 | D:3      | Reached skill level 5 in Ranged Weapons
  2054 | D:3      | Noticed Robin
  2146 | D:3      | Slain by Grinder

Illustrated notes

Levels and vault maps discovered:
D:1:      erik_arrival_orb_chamber, layout_loops_ring, eino_curves_04,
          chequers_big_river, hangedman_abyss_or_decor_lesser_grid,
          nicolae_shop_vocational
D:2:      layout_loops_cross, serial_shops, nicolae_shop_back_alley_shop,
          kennysheep_nondescript, feat_on_display, uniq_crazy_yiuf_cottage
D:3:      layout_basic, uniq_robin, uniq_grinder

Skill      XL: |  1  2  3  4 |
---------------+-------------+-----
Stealth        | 1 2 |  2.0
Ranged Weapons | 4 5 |  5.2
Fighting       | |  1.7
Dodging        | |  1.7

Action                     |  1- 3 |  4- 6 || total
---------------------------+-------+-------++-------
   Fire: Shortbow          |    98 |    28 ||   126
 Armour: Leather armour    |    11 |     5 ||    16
  Dodge: Dodged            |    18 |    12 ||    30
